 Dungeon Crawl Stone Soup version 0.29-a0-643-ga013cefcf8 (webtiles) character file.

Game seed: 16210983228285293080

41 ultragoat the Skirmisher (level 3, -3/37 HPs)
             Began as an Ogre Gladiator on June 20, 2022.
             Slain by a gnoll
             ... wielding a +0 spear
              (4 damage)
             ... on level 2 of the Dungeon.
             The game lasted 00:04:37 (873 turns).

ultragoat the Skirmisher (Ogre Gladiator)            Turns: 873, Time: 00:04:38

Health: -3/37      AC:  3    Str: 18    XL:     3   Next: 52%
Magic:  3/3        EV: 10    Int: 11    God:
Gold:   49         SH:  0    Dex: 10    Spells: 2/2 levels left

rFire   . . .      SeeInvis .   a - +0 flail
rCold   . . .      Faith    .   (no shield)
rNeg    . . .      Spirit   .   b - +0 robe
rPois   .          Reflect  .   c - +0 hat
rElec   .          Harm     .   (no cloak)
rCorr   .          Rampage  .   (gloves unavailable)
Will    ++...                   (boots unavailable)
Stlth   +.........              (no amulet)
HPRegen 0.12/turn               j - ring of willpower
MPRegen 0.08/turn               k - ring of willpower

@: lethally poisoned (-3 -> -8)
A: large, unfitting armour, tough skin 1
a: no special abilities


You were on level 2 of the Dungeon.
You visited 1 branch of the dungeon, and saw 2 of its levels.

You collected 49 gold pieces.

Inventory:

Hand Weapons
 a - a +0 flail (weapon)
Missiles
 d - a throwing net (quivered)
 e - a large rock
Armour
 b - a +0 robe (worn)
 c - a +0 hat (worn)
Magical Staves
 f - a staff of death
Jewellery
 j - a ring of willpower (left hand)
 k - a ring of willpower (right hand)
Scrolls
 g - 2 scrolls of teleportation
 h - a scroll of identify
Potions
 i - a potion of ambrosia


   Skills:
 + Level 3.5 Fighting
 + Level 3.0 Maces & Flails
 + Level 2.5 Throwing
 + Level 3.1 Dodging


You had 2 spell levels left.
You didn't know any spells.
Your spell library was empty.

Dungeon Overview and Level Annotations

Branches:
Dungeon (2/15)

Altars:
Qazlal

Shops:
D:2 (


Innate Abilities, Weirdness & Mutations

You are too large for most types of armour.
You have tough skin. (AC +1)


Message History

You now have 49 gold pieces (gained 10).
You see here 5 poisoned darts.
Things that are here:
6 boomerangs; a bat corpse You open the door.
An adder, 3 gnolls and a goblin come into view.
A gnoll is wielding a +1 spear of venom.
The adder hisses angrily.
The gnoll shouts! x2; You hear a shout!
Found a leather armour.
A gnoll comes into view.
It is wielding a +1 flail of holy wrath.
Found Beelus's Antique Weapon Shop.
The gnoll shouts!
The adder bites you.
You sock the adder!
The adder is almost dead.
The adder barely misses you. x2
The gnoll hits you from afar with a +0 spear.
You sock the adder!
You kill the adder!
The gnoll barely misses you.
The gnoll hits you from afar with a +1 spear of venom.
You are poisoned.
You see here an adder corpse.
You feel very sick.
The gnoll hits you from afar with a +0 spear.
You feel very sick. The gnoll hits you with a +0 spear. x2
You see here an adder corpse.
You sock the gnoll!
The gnoll is severely wounded.
You feel sick. The gnoll hits you with a +0 spear.
* * * LOW HITPOINT WARNING * * *
The gnoll hits you with a +0 spear.
* * * LOW HITPOINT WARNING * * *
You closely miss the gnoll.
The gnoll is severely wounded.
You feel sick. The gnoll hits you with a +0 spear.
* * * LOW HITPOINT WARNING * * *
The gnoll hits you with a +0 spear.
You die...

,,,........# #...# ####....
,,,..$.....# #.[.# #.†.....
,,,........# #...# ####.######
,,,........# #.>.# #.....#
,,,........######...###.....#####
>,,......................_.......
,,,........†(....................
,,,........(<#.#######......#####
***#######.#.#..@g# ########
,,,,* *,...######g#****
,,,,***+##..,,,,.g.∩,,*
,,,,,,,^,#.#*,,..g....*
***,,,,,,...,,[g......#
*,<,,,,.##,.........#
*,,,,,,.,,.########## **
*,,,,,,,,..**** *,
*,,,,,,,*,,,,,* ***********+


You could see 3 gnolls and a goblin.

Vanquished Creatures
  An adder (D:2)
  6 ball pythons
  2 bats
  4 endoplasms (D:1)
  2 giant cockroaches
  A goblin (D:1)
  4 hobgoblins
  2 jackals (D:2)
  A quokka (D:1)
  3 kobolds (D:1)
  A rat (D:2)
27 creatures vanquished.

Vanquished Creatures (others)
  A plant (D:1)
1 creature vanquished.

Grand Total: 28 creatures vanquished

Notes
Turn   | Place    | Note
-------+----------+-------------------------------------------
     0 | D:1      | ultragoat the Ogre Gladiator began the quest for the Orb.
     0 | D:1      | Reached XP level 1. HP: 22/22 MP: 1/1
   191 | D:1      | Reached XP level 2. HP: 27/29 MP: 2/2
   680 | D:1      | Found a faded altar of an unknown god.
   741 | D:2      | Reached XP level 3. HP: 35/37 MP: 3/3
   806 | D:2      | Found a stormy altar of Qazlal.
   865 | D:2      | Found Beelus's Antique Weapon Shop.
   873 | D:2      | HP: 1/37 [gnoll/+0 spear (6)]
   873 | D:2      | Slain by a gnoll

Illustrated notes

Levels and vault maps discovered:
D:1:      eino_arrival_tree_alley, layout_rooms,
          shapermc_ecumenical_altar_hornbeckon
D:2:      layout_basic, basic_altar, serial_shops, shop

Skill      XL: |  1  2  3 |
---------------+----------+-----
Fighting       | 3 |  3.5
Dodging        | 3 |  3.1
Maces & Flails | 3 |  3.0
Throwing       | |  2.5

Action                   || total
-------------------------++-------
Melee: Flail             ||    67
Throw: Throwing net      ||     4
  Use: Scroll            ||     3
Armor: Robe              ||    18
Dodge: Dodged            ||    51

Table legend: (Time is in decaauts)
 A = Elapsed time spent in this place.
 B = Non-inter-level travel time spent in this place.
 C = Inter-level travel time spent in this place.
 D = Time resting spent in this place.
 E = Time spent auto-exploring this place.
 F = Levels seen in this place.
 G = Mean time per level.
                   A        B        C        D        E       F      G
               +--------+--------+--------+--------+--------+-----+--------+
         Total |    894 |    859 |     35 |      0 |    511 |   2 |  447.0 |
       Dungeon |    894 |    859 |     35 |      0 |    511 |   2 |  447.0 |
               +--------+--------+--------+--------+--------+-----+--------+

Top non-repeatable levels by time:
     D:1: 743 daAuts
     D:2: 151 daAuts
